Map: Fracture LE

Players

Delerith

  • Race: Zerg Zerg
  • League: Platinum
  • Spawn Location: 5:00

ghostdog - Winner!

  • Race: Protoss Protoss
  • League: Platinum
  • Spawn Location: 11:00

VOD

Have the link to the VOD?

Description

Dear Swarm, I'm sorry - keep in mind I don't balance the game :D

Time

  • Played on: Sept. 2, 2018, 5:06 p.m.
  • Length: 22:05
Show
View Real Time Build Order
Export as new Build Order

Delerith Zerg 

Build Orders: Hatch First, Lurkers 

Get SALT Encoding   

  12  0:01  Drone  
  13  0:13  Overlord  
  13  0:16  Drone  
  14  0:31  Drone  
  14  0:32  Drone  
  14  0:35  Drone  
  17  1:04  Extractor  
  17  1:08  Spawning Pool, Hatchery  
  17  1:11  Drone  
  15  1:14  Drone  
  15  1:17  Drone  
  17  1:30  Drone  
  18  1:34  Drone  
  19  1:43  Overlord  
  19  1:55  Queen  
  19  1:56  Zergling x2  
  22  2:13  Zergling x2  
  23  2:20  Queen  
  25  2:29  Zergling x6  
  27  2:38  Zergling x4  
  25  2:47  Extractor  
  25  2:48  Roach Warren  
  17  3:24  Drone x4  
  17  3:25  Drone x2  
  23  3:47  Roach x3  
  29  3:54  Roach  
  29  3:55  Roach  
  33  4:16  Drone x2  
  35  4:23  Overlord  
  35  4:25  Overlord  
  35  4:35  Evolution Chamber  
  34  4:41  Queen  
  36  4:48  Roach x3  
  36  4:52  Roach x2  
  46  5:04  Roach x2  
  50  5:07  Overlord  
  50  5:11  Zergling x2  
  51  5:17  Metabolic Boost  
  44  5:53  Ravager  
  44  5:54  Ravager  
  44  5:55  Ravager  
  45  6:01  Drone x6  
  45  6:02  Drone x6  
  45  6:03  Drone  
  58  6:22  Ravager  
  59  6:26  Zerg Missile Weapons Level 1  
  59  6:31  Drone  
  60  6:34  Overlord x4  
  60  6:50  Zergling x2  
  60  7:01  Drone x5  
  62  7:02  Drone x3  
  66  7:20  Hatchery  
  60  7:32  Zergling x4  
  60  7:33  Zergling x12  
  57  8:08  Roach x2  
  57  8:09  Roach x7  
  57  8:10  Roach x3  
  76  8:26  Ravager  
  73  8:33  Lair  
  73  8:35  Zerg Ground Armor Level 1  
  77  8:41  Roach x2  
  77  8:43  Roach x2  
  77  8:45  Spore Crawler  
  80  8:54  Spine Crawler  
  79  8:56  Spore Crawler, Spine Crawler  
  79  8:57  Spine Crawler  
  79  9:01  Hatchery  
  72  9:06  Spore Crawler  
  69  9:11  Ravager  
  69  9:12  Ravager  
  69  9:16  Drone x3  
  74  9:17  Extractor x2  
  74  9:18  Drone x3  
  74  9:22  Extractor  
  74  9:23  Drone  
  74  9:24  Extractor, Drone x2  
  77  9:25  Drone x3  
  77  9:26  Drone x4  
  77  9:27  Drone  
  84  9:32  Ravager x2  
  86  9:39  Queen  
  88  9:47  Hydralisk Den  
  87  10:02  Ravager x3  
  87  10:06  Overlord x3  
  87  10:07  Overlord  
  90  10:10  Overlord, Extractor x2  
  88  10:19  Ravager x4  
  92  10:22  Queen  
  92  10:26  Drone x6  
  92  10:27  Drone x7  
  92  10:28  Drone x2  
  109  10:39  Drone x3  
  109  10:40  Drone x4  
  105  11:12  Roach, Hydralisk x2  
  105  11:13  Roach x3, Hydralisk  
  103  11:32  Spine Crawler  
  103  11:35  Spine Crawler x2  
  80  11:40  Spine Crawler  
  80  11:45  Hydralisk x2  
  80  11:46  Hydralisk  
  69  12:03  Hydralisk  
  69  12:04  Roach x4, Hydralisk x2  
  69  12:05  Roach  
  85  12:13  Lurker Den, Zerg Missile Weapons Level 2  
  84  12:17  Hydralisk  
  84  12:18  Hatchery  
  85  12:37  Queen  
  85  12:43  Muscular Augments  
  87  13:05  Hydralisk  
  87  13:06  Roach x3, Hydralisk x2  
  99  13:16  Hatchery  
  98  13:29  Hydralisk x3  
  98  13:31  Hydralisk  
  106  13:47  Lurker x7  
  113  13:55  Grooved Spines  
  108  14:29  Zerg Ground Armor Level 2  
  108  14:54  Glial Reconstitution  
  102  15:32  Hydralisk x3  
  102  15:33  Roach x6, Hydralisk x7  
  102  15:34  Roach x4  
  110  15:49  Lurker, Hydralisk x2  
  109  15:50  Roach  
  115  16:01  Lurker x2  
  114  16:17  Roach  
  116  16:27  Hatchery  
  116  16:30  Hydralisk x2  
  116  16:31  Roach x4, Hydralisk x2  
  80  16:54  Hydralisk x2  
  80  16:55  Roach x2, Hydralisk  
  61  17:04  Lurker  
  61  17:05  Hydralisk  
  61  17:06  Roach  
  21  17:37  Lurker  
  21  17:41  Lurker, Overseer  
Show
View Real Time Build Order
Export as new Build Order

ghostdog Protoss - Winner!

Build Orders:  

Get SALT Encoding   

  12  0:01  Probe  
  13  0:15  Pylon, Probe  
  14  0:23  Probe  
  15  0:40  Gateway  
  15  0:41  Probe  
  16  0:50  Pylon  
  16  1:01  Forge  
  16  1:07  Probe  
  17  1:15  Probe  
  18  1:25  Probe  
  19  1:33  Pylon  
  19  1:46  Nexus  
  19  2:04  Photon Cannon  
  19  2:06  Photon Cannon  
  19  2:17  Pylon  
  19  2:29  Pylon  
  19  2:32  Photon Cannon  
  19  2:52  Photon Cannon  
  19  3:05  Assimilator  
  19  3:07  Assimilator  
  19  3:23  Probe  
  21  3:27  Probe  
  21  3:29  Zealot  
  22  3:35  Probe  
  22  3:39  Probe  
  24  3:42  Cybernetics Core  
  24  3:47  Probe  
  25  3:52  Probe  
  26  4:00  Probe  
  27  4:04  Probe  
  28  4:20  Probe  
  28  4:22  Probe  
  30  4:25  Warp Gate  
  30  4:32  Probe  
  30  4:33  Photon Cannon  
  30  4:35  Probe  
  30  4:36  Shield Battery, Photon Cannon  
  32  4:43  Probe  
  32  4:44  Shield Battery  
  33  4:46  Sentry  
  33  4:51  Probe  
  33  4:52  Robotics Facility  
  35  4:59  Probe x2  
  37  5:06  Assimilator  
  38  5:11  Probe x2  
  40  5:17  Pylon  
  40  5:22  Sentry  
  40  5:23  Probe  
  40  5:26  Pylon, Probe  
  44  5:30  Pylon  
  44  5:35  Immortal  
  44  5:38  Probe  
  49  5:50  Probe  
  50  6:01  Sentry  
  52  6:11  Immortal  
  56  6:32  Gateway  
  56  6:35  Gateway  
  56  6:38  Gateway  
  56  6:41  Gateway  
  56  6:43  Stalker, Gateway  
  54  7:04  Immortal  
  54  7:08  Protoss Ground Weapons Level 1  
  56  7:38  Probe  
  56  7:44  Zealot x2  
  59  8:12  Probe  
  50  8:26  Pylon  
  50  8:27  Pylon  
  50  8:39  Nexus  
  50  8:47  Stalker x3  
  56  8:52  Pylon  
  56  8:56  Pylon  
  56  9:00  Gateway  
  56  9:02  Gateway  
  56  9:05  Twilight Council  
  56  9:14  Protoss Ground Armor Level 1  
  56  9:16  Immortal  
  60  9:18  Probe  
  61  9:25  Stalker  
  61  9:26  Stalker x3  
  61  9:27  Stalker  
  61  9:30  Probe  
  72  9:35  Assimilator  
  72  9:42  Probe  
  72  9:44  Pylon x2  
  73  9:52  Robotics Bay  
  73  9:53  Zealot  
  73  9:54  Probe, Zealot x3  
  73  9:55  Zealot x2  
  86  10:09  Probe  
  86  10:12  Probe  
  88  10:18  Pylon  
  88  10:21  Probe  
  88  10:24  Probe  
  90  10:33  Probe  
  91  10:36  Probe  
  91  10:37  Gateway  
  91  10:38  Stalker  
  91  10:39  Stalker x3  
  91  10:40  Stalker x3  
  89  11:30  Zealot x3  
  89  11:31  Zealot x4  
  97  11:40  Extended Thermal Lance  
  97  11:45  Colossus  
  89  12:13  Charge  
  89  12:14  Robotics Facility  
  89  12:17  Nexus  
  89  12:18  Gateway  
  89  12:24  Pylon  
  89  12:26  Colossus  
  89  12:27  Pylon  
  89  12:32  Pylon, Zealot x2  
  89  12:33  Zealot x3  
  89  12:34  Zealot  
  107  12:51  Colossus  
  107  12:58  Sentry  
  107  13:02  Pylon  
  107  13:04  Pylon  
  115  13:17  Forge  
  115  13:18  Forge  
  115  13:22  Stalker  
  115  13:23  Stalker x2  
  115  13:24  Stalker x3  
  115  13:25  Stalker  
  129  13:32  Observer  
  130  13:39  Probe  
  131  13:44  Warp Prism, Probe  
  134  13:51  Probe  
  135  13:55  Probe  
  135  13:56  Probe  
  137  14:03  Probe  
  137  14:05  Sentry x3  
  137  14:07  Probe  
  137  14:08  Probe  
  146  14:20  Probe, Gateway  
  141  14:41  Zealot  
  141  14:42  Zealot x4  
  141  14:43  Zealot x2  
  129  15:47  Zealot x2  
  133  16:12  Disruptor  
  133  16:13  Assimilator, Disruptor  
  133  16:17  Assimilator  
  91  17:30  Zealot x4  
  91  17:31  Zealot x3  
  96  17:53  Stalker  
  96  17:54  Stalker x4  
  104  18:29  Probe  
  104  18:32  Probe  
  104  18:42  Probe  
  104  18:44  Probe  
  104  18:46  Zealot x3  
  104  18:47  Zealot x4  
  104  18:53  Nexus  
  104  18:54  Probe  
  104  18:56  Probe  
  104  18:59  Templar Archives  
  104  19:01  Pylon  
  104  19:03  Pylon  
  104  19:08  Pylon  
  104  19:42  High Templar x3  
  104  19:43  High Templar x4  
  104  19:56  Gateway  
  104  19:59  Gateway  
  104  20:06  High Templar x2  
  104  20:16  High Templar x6  
  104  20:17  High Templar  
  104  20:19  Archon  
  104  20:20  Archon x4  
  104  20:21  Archon x3  
  104  21:39  High Templar x5  
  104  21:40  High Templar x3  
  104  21:44  Archon x3  
  104  21:45  Archon  
Tags
 
Composition
Lurkers
Matchup
PvZ
Spawn Locations
Cross Positions
Add a new tag
Caveats
  • Supply blocks, unpowered buildings, or Contaminate may cause inaccurate times.
  • Supply counts are checked every 10 seconds.